Map: Blueshift LE

Players

Xerum - Winner!

  • Race: Zerg Zerg
  • League: Diamond
  • Spawn Location: 7:00

Woogie

  • Race: Zerg Zerg
  • League: Diamond
  • Spawn Location: 1:00

VOD

Have the link to the VOD?

Description

Time

  • Played on: Sept. 19, 2018, 6:25 p.m.
  • Length: 7:26
Show
View Real Time Build Order
Export as new Build Order

Xerum Zerg - Winner!

Build Orders: Hatch First 

Get SALT Encoding   

  12  0:01  Drone  
  13  0:12  Overlord  
  13  0:20  Drone  
  14  0:31  Drone x2  
  16  0:52  Hatchery  
  16  0:54  Drone  
  16  0:56  Drone  
  17  0:59  Drone  
  18  1:10  Extractor  
  17  1:15  Spawning Pool  
  16  1:19  Drone  
  16  1:20  Drone  
  18  1:28  Drone  
  19  1:39  Drone  
  20  1:50  Overlord  
  20  2:04  Queen x2  
  24  2:09  Drone x2  
  26  2:16  Drone x2  
  28  2:26  Drone x2  
  30  2:36  Overlord x2  
  30  2:44  Lair  
  30  2:45  Queen  
  32  2:54  Drone  
  32  2:57  Evolution Chamber  
  32  3:03  Drone x3  
  32  3:04  Roach Warren  
  34  3:15  Overlord  
  34  3:21  Drone x4  
  34  3:22  Drone  
  34  3:23  Evolution Chamber  
  38  3:29  Zerg Missile Weapons Level 1  
  38  3:31  Extractor  
  38  3:32  Extractor, Drone x2  
  38  3:34  Drone  
  38  3:38  Drone  
  40  3:47  Overseer  
  40  3:50  Glial Reconstitution  
  40  3:57  Drone x7  
  47  4:18  Zerg Ground Armor Level 1  
  47  4:30  Overlord  
  47  4:31  Drone x5  
  49  4:32  Drone x2  
  54  4:44  Hatchery  
  53  4:58  Overlord x3  
  53  4:59  Roach x3  
  59  5:14  Extractor  
  59  5:20  Overlord x2  
  60  5:21  Roach x6  
  60  5:26  Roach  
  72  5:38  Roach x4  
  80  5:44  Overseer  
  80  5:51  Overlord x2  
  80  5:52  Roach x2  
  80  5:54  Ravager x3  
  87  5:59  Roach x3  
  93  6:05  Drone  
  93  6:09  Drone x2  
  96  6:12  Roach x2  
  96  6:14  Ravager  
  101  6:25  Roach x7  
  115  6:37  Overlord x2  
  115  6:38  Roach  
  115  6:39  Roach x2  
  121  6:51  Overlord x2  
  121  7:00  Roach x6  
Show
View Real Time Build Order
Export as new Build Order

Woogie Zerg 

Build Orders: Hatch First 

Get SALT Encoding   

  12  0:01  Drone  
  13  0:13  Overlord  
  13  0:17  Drone  
  14  0:32  Drone x2  
  16  0:36  Drone  
  17  0:55  Hatchery, Drone  
  17  1:09  Spawning Pool  
  16  1:11  Drone  
  16  1:15  Extractor  
  16  1:16  Drone  
  17  1:21  Drone  
  18  1:30  Drone  
  19  1:39  Overlord  
  19  1:50  Drone  
  20  1:57  Queen  
  22  2:03  Drone  
  23  2:13  Queen  
  23  2:14  Drone x2  
  27  2:18  Metabolic Boost  
  27  2:21  Drone  
  28  2:23  Drone  
  29  2:39  Queen  
  29  2:42  Drone x3  
  34  2:44  Overlord  
  34  2:49  Queen  
  36  3:08  Roach Warren  
  36  3:10  Drone x2  
  36  3:11  Drone x2  
  36  3:12  Overlord  
  39  3:32  Drone x2  
  41  3:47  Drone  
  42  3:49  Overlord, Hatchery  
  42  3:50  Drone x2  
  42  3:51  Drone x5  
  48  4:02  Evolution Chamber x2  
  46  4:05  Unknown  
  46  4:15  Extractor  
  46  4:16  Extractor  
  44  4:37  Roach x3  
  44  4:38  Roach x5  
  60  4:59  Overlord x3  
  60  5:03  Zerg Missile Weapons Level 1  
  60  5:11  Drone x3  
  60  5:12  Overlord x2, Drone  
  64  5:16  Drone x2  
  64  5:19  Zerg Ground Armor Level 1  
  66  5:25  Lair  
  66  5:28  Drone x2  
  68  5:44  Roach x4  
  68  5:45  Roach x2  
  68  5:46  Drone x2  
  68  5:47  Drone x2  
  84  6:02  Extractor  
  83  6:06  Extractor  
  83  6:10  Roach x8  
  98  6:17  Extractor  
  98  6:18  Drone x2  
  99  6:28  Unknown  
  99  6:38  Roach x2  
  99  6:39  Roach  
  105  6:40  Overlord x2  
  105  6:41  Overlord x2  
  105  6:59  Drone x2  
  105  7:00  Drone x6  
Tags
 
Add a new tag
Caveats
  • Supply blocks, unpowered buildings, or Contaminate may cause inaccurate times.
  • Supply counts are checked every 10 seconds.